 Dungeon Crawl Stone Soup version 0.31-a0-221-gbddc013574 (webtiles) character file.

Game seed: 8763524357091928385

60 qw the Shooter (level 4, -2/28 HPs)
             Began as a Gargoyle Hexslinger on July 4, 2023.
             Slain by Pargi (3 damage)
             ... on level 3 of the Dungeon.
             The game lasted 00:00:35 (1358 turns).

qw the Shooter (Gargoyle Hexslinger)                Turns: 1358, Time: 00:00:35

Health: -2/28      AC:  5    Str: 15    XL:     4   Next: 4%
Magic:  5/5        EV: 12    Int: 13    God:
Gold:   37         SH:  0    Dex: 13    Spells: 4/5 levels left

rFire   . . .        Y - +2 sling
rCold   . . .        (no shield)
rNeg    + . .        c - +0 robe
rPois   inf          (no helmet)
rElec   +            (no cloak)
rCorr   .            (no gloves)
SInv    .            (no boots)
Will    .....        (no amulet)
Stlth   +            (no ring)
HPRegen 0.24/turn    (no ring)
MPRegen 0.09/turn

%: no passive effects
@: unable to read
A: sickness immunity, AC +3, negative energy resistance 1, electricity
resistance, torment resistance 1, petrification resistance, robust 1, strong 1,
inability to read after injury 1
a: no special abilities


You were on level 3 of the Dungeon.
You visited 1 branch of the dungeon, and saw 3 of its levels.

You collected 37 gold pieces.


Innate Abilities, Weirdness & Mutations

You are immune to sickness and miasma.
Your stone body is resilient. (AC +3)
You are immune to poison.
You resist negative energy. (rN+)
You are resistant to electric shocks. (rElec)
You are resistant to unholy torment.
You are immune to petrification.
You are robust. (+10% HP)
Your muscles are strong. (Str +4, Int/Dex -1)
You occasionally lose the ability to read scrolls when taking damage.


   Skills:
 - Level 2.0 Fighting
 + Level 3.9 Ranged Weapons
 - Level 1.5 Dodging
 - Level 1.0 Spellcasting
 - Level 2.6 Hexes


You had 4 spell levels left.
You knew the following spells:

 Your Spells              Type           Power      Damage    Failure   Level
a - Slow                  Hex            28%        N/A       10%         1

Your spell library contained the following spells:

 Spells                   Type           Power      Damage    Failure   Level
 Inner Flame              Hex/Fire       4%         N/A       43%         3
 Portal Projectile        Hex/Tloc       8%         N/A       43%         3
 Cause Fear               Hex            3%         N/A       67%         4

Inventory:

Hand Weapons
 Y - a +2 sling (weapon)
Armour
 c - a +0 robe (worn)
Potions
 b - a potion of brilliance {unknown}
 d - a potion of magic {unknown}
 f - 2 potions of curing
 g - a potion of degeneration {unknown}
 k - a potion of ambrosia {unknown}
 n - a potion of berserk rage {unknown}
 o - a potion of heal wounds {unknown}

Dungeon Overview and Level Annotations

Branches:
Dungeon (3/15)

Altars:

Annotations:
D:3 Pargi


Message History

You shoot a sling bullet. The sling bullet hits Pargi.
Pargi shouts!
Pargi is lightly wounded.
You shoot a sling bullet. The sling bullet hits Pargi.
Pargi is moderately wounded.
You shoot a sling bullet. The sling bullet closely misses Pargi.
You shoot a sling bullet. The sling bullet closely misses Pargi.
A bat comes into view.
You shoot a sling bullet. The sling bullet barely misses Pargi.
Pargi barely misses you. Pargi claws you but does no damage. x2
You shoot a sling bullet. The sling bullet barely misses Pargi.
Pargi bites you. Pargi barely misses you. Pargi closely misses you.
You shoot a sling bullet. The sling bullet closely misses Pargi.
Pargi bites you. Pargi claws you but does no damage. Pargi closely misses you.
You shoot a sling bullet.
The sling bullet hits Pargi but does no damage.
Pargi is lightly wounded.
Pargi barely misses you. Pargi misses you. Pargi claws you.
You shoot a sling bullet. The sling bullet closely misses Pargi.
Pargi bites you but does no damage. Pargi barely misses you. Pargi claws you.
You shoot a sling bullet. The sling bullet barely misses Pargi.
Pargi bites you. Pargi barely misses you. Pargi claws you but does no damage.
Pargi bites you.
You feel threatened and lose the ability to read scrolls!
Pargi claws you but does no damage. Pargi closely misses you.
You shoot a sling bullet. The sling bullet hits Pargi.
Pargi is lightly wounded.
Pargi closely misses you. Pargi barely misses you. x2
You shoot a sling bullet. The sling bullet hits Pargi.
Pargi is lightly wounded.
Pargi barely misses you. x2; Pargi claws you.
You shoot a sling bullet. The sling bullet closely misses Pargi.
Pargi bites you. Pargi barely misses you. Pargi claws you but does no damage.
You shoot a sling bullet. The sling bullet hits Pargi.
Pargi is lightly wounded.
Pargi misses you. Pargi claws you. x2
You shoot a sling bullet. The sling bullet closely misses Pargi.
Pargi closely misses you. Pargi claws you. Pargi misses you. Pargi bites you.
Pargi barely misses you. Pargi claws you.
You die...

.# .# .# .#
.# b#
##########T##
.......<.@..#
###.######..#
..# ....
..### ..# #.#
.#


You could see Pargi and a bat.

Vanquished Creatures
  2 adders (D:2)
  A dart slug (D:2)
  6 ball pythons
  6 endoplasms
  7 goblins
  3 hobgoblins
  6 kobolds
  A bat (D:2)
  3 frilled lizards
  4 rats
39 creatures vanquished.

Notes
Turn   | Place    | Note
-------+----------+-------------------------------------------
     0 | D:1      | qw the Gargoyle Hexslinger began the quest for the Orb.
     0 | D:1      | Reached XP level 1. HP: 12/12 MP: 2/2
     0 | D:1      | 0 ||| qw: Version: 0.3-a-41-g9d075ac
     0 | D:1      | 0 ||| qw: Game counter: 750
     0 | D:1      | 0 ||| qw: Melee chars always use a shield: true
     0 | D:1      | 0 ||| qw: God list: Okawaru
     0 | D:1      | 0 ||| qw: Allow faded altars: false
     0 | D:1      | 0 ||| qw: Do Orc after clearing Dungeon:15 true
     0 | D:1      | 0 ||| qw: Do second Lair branch before Depths: true
     0 | D:1      | 0 ||| qw: Lair rune preference: random
     0 | D:1      | 0 ||| qw: Goals: Normal
     0 | D:1      | 0 ||| PLANNING D:1-11
    94 | D:1      | Reached XP level 2. HP: 14/16 MP: 3/3
   339 | D:1      | Reached skill level 3 in Ranged Weapons
   683 | D:1      | 683 ||| DROPPING amulet of magic regeneration.
   684 | D:1      | 684 ||| READING scroll labelled DUMUBO TEOZE.
   685 | D:1      | 685 ||| READING scroll labelled RODOMO WOGU.
   686 | D:1      | 686 ||| READING scroll labelled XOHEWNAHAI.
   689 | D:1      | 689 ||| READING scroll labelled NEMUAR BOCEAD.
   690 | D:1      | 690 ||| READING scroll labelled CYXTUM DEGI.
   691 | D:1      | 691 ||| DRINKING 3 green potions.
   692 | D:1      | 692 ||| DROPPING scroll of poison.
   755 | D:2      | Reached XP level 3. HP: 20/21 MP: 4/4
   948 | D:2      | 948 ||| FLEEEEING.
  1150 | D:2      | Reached XP level 4. HP: 26/26 MP: 5/5
  1291 | D:2      | 1291 ||| READING scroll labelled AJUAPN OF BAWN.
  1292 | D:2      | 1292 ||| READING scroll labelled PETEVIU UTSA.
  1293 | D:2      | 1293 ||| DRINKING 2 coppery potions.
  1293 | D:2      | Gained mutation: You passively map a small area around you.
                  | [potion of mutation]
  1293 | D:2      | Gained mutation: You are frail. (-10% HP) [potion of
                  | mutation]
  1293 | D:2      | Gained mutation: You have very sharp teeth. [potion of
                  | mutation]
  1294 | D:2      | 1294 ||| DRINKING potion of mutation.
  1294 | D:2      | Lost mutation: You are frail. (-10% HP) [potion of
                  | mutation]
  1294 | D:2      | Lost mutation: You have very sharp teeth. [potion of
                  | mutation]
  1294 | D:2      | Lost mutation: You passively map a small area around you.
                  | [potion of mutation]
  1294 | D:2      | Gained mutation: You occasionally lose the ability to read
                  | scrolls when taking damage. [potion of mutation]
  1294 | D:2      | Gained mutation: Your muscles are strong. (Str +4, Int/Dex
                  | -1) [potion of mutation]
  1294 | D:2      | Gained mutation: You are robust. (+10% HP) [potion of
                  | mutation]
  1343 | D:3      | Noticed Pargi
  1356 | D:3      | HP: 7/28 [Pargi (5)]
  1358 | D:3      | HP: 2/28 [Pargi (3)]
  1358 | D:3      | Slain by Pargi

Levels and vault maps discovered:
D:1:      minmay_arrival_three_doors, layout_loops_ring
D:2:      layout_loops_ring
D:3:      layout_loops_ring, zin_scriptorium, uniq_pargi

Skill      XL: |  1  2 |
---------------+-------+-----
Ranged Weapons | 3 |  3.9
Fighting       | 2 |  2.0
Dodging        | |  1.5
Spellcasting   | |  1.0
Hexes          | |  2.6

Action                     |  1- 3 |  4- 6 || total
---------------------------+-------+-------++-------
   Fire: Sling             |   104 |    20 ||   124
    Use: Scroll            |     5 |     2 ||     7
         Potion            |     1 |     2 ||     3
 Armour: Robe              |    13 |     7 ||    20
  Dodge: Dodged            |    32 |    19 ||    51

Table legend:
 A = Non-vault XP
 B = Vault XP
 C = Vault XP percentage of total XP
 D = Non-vault monster count
 E = Vault monster count
 F = Vault count percentage of total count
                 A         B        C        D         E       F
            +---------+---------+-------+---------+---------+-------
      Total |      86 |       0 |   0.0 |      39 |       0 |   0.0
            +---------+---------+-------+---------+---------+-------
        D:1 |      27 |       0 |   0.0 |      17 |       0 |   0.0
        D:2 |      59 |       0 |   0.0 |      22 |       0 |   0.0
            +---------+---------+-------+---------+---------+-------
